 Dungeon Crawl Stone Soup version 0.20.1-1-g8b1a95d (console) character file.

111 Kloppie the Skirmisher (level 4, -4/41 HPs)
             Began as a Ghoul Fighter on July 22, 2017.
             Slain by a centaur (5 damage)
             ... on level 3 of the Dungeon.
             The game lasted 00:02:46 (1832 turns).

Kloppie the Skirmisher (Ghoul Fighter)              Turns: 1832, Time: 00:02:46

Health: -4/41      AC:  7    Str: 19    XL:     4   Next: 92%
Magic:  3/3        EV:  9    Int:  3    God:
Gold:   148        SH:  0    Dex:  9    Spells: 3/3 levels left

rFire    . . .     SeeInvis .   a - +0 war axe
rCold    + . .     Gourm    .   (no shield)
rNeg     + + +     Faith    .   b - +1 scale mail
rPois    ∞         Spirit   .   (no helmet)
rElec    .         Reflect  .   (no cloak)
rCorr    .         Harm     .   (no gloves)
MR       +....                  (no boots)
Stlth    ..........             (no amulet)
Regen    0.0/turn               j - ring of protection from magic
MPRegen  0.1/turn               (no ring)

@: rotting
A: rotting body, claws 1, carnivore 3, cold resistance 1, negative energy
resistance 3, inhibited regeneration, torment resistance, unbreathing
a: no special abilities


You were on level 3 of the Dungeon.
You were not hungry.

You visited 1 branch of the dungeon, and saw 3 of its levels.

You collected 148 gold pieces.

Inventory:

Hand Weapons
 a - a +0 war axe (weapon)
Missiles
 t - 4 javelins (quivered)
Armour
 b - a +1 scale mail (worn)
 c - a +0 shield
Jewellery
 j - a ring of protection from magic (left claw)
Wands
 w - a wand of confusion (38/48)
Scrolls
 e - 2 scrolls of remove curse
 h - a scroll of fear {unknown}
 i - a scroll of recharging
 n - a scroll of blinking
 r - a scroll of teleportation
 v - a scroll of enchant armour
 x - a scroll of amnesia
 y - a scroll of identify
Potions
 d - a potion of might
 l - 2 potions of curing {unknown}
 m - 2 potions of flight {unknown}
 o - 2 potions of cancellation {unknown}
 p - a potion of ambrosia {unknown}
 q - 2 potions of agility {unknown}
 s - a potion of invisibility {unknown}
 u - a potion of lignification {unknown}
Comestibles
 f - a meat ration
 g - 3 chunks of flesh
 k - a royal jelly


   Skills:
 + Level 4.7 Fighting
 + Level 3.4 Axes
 - Level 2.6 Armour
 - Level 2.6 Shields


You had 3 spell levels left.
You didn't know any spells.

Dungeon Overview and Level Annotations

Branches:
Dungeon (3/15)

Altars:
Nemelex Xobeh


Innate Abilities, Weirdness & Mutations

Your body is rotting away.
You thrive on raw meat.
You are immune to poison.
You have sharp fingernails.
You are carnivorous and can eat meat at any time.
Your flesh is cold resistant. (rC+)
You are immune to negative energy. (rN+++)
You do not regenerate when monsters are visible.
You are immune to unholy pain and torment.
You can survive without breathing.


Message History

The centaur hits you but does no damage.
You hit the centaur.
The centaur is almost dead.
The centaur hits you!
* * * LOW HITPOINT WARNING * * *
The centaur closely misses you.
You closely miss the centaur.
The centaur is almost dead.
The centaur hits you but does no damage.
The centaur hits you.
* * * LOW HITPOINT WARNING * * *
You barely miss the centaur.
The centaur is almost dead.
The centaur hits you!
* * * LOW HITPOINT WARNING * * *
The centaur hits you but does no damage.
Your scale mail prevents you from hitting the centaur.
The centaur is almost dead.
The centaur barely misses you. The centaur hits you.
You die...

(.. ### #.#
#.###.# #..
#.####...÷.#
.
#..........#
##########.#
#.# #.# #.#
. ######.#
#.@....#
#c###### #l
#. ##.# #.
..[# #. ####
.. .. ####


You could see a centaur and a frilled lizard.

Vanquished Creatures
  5 adders
  An ooze (D:1)
  2 dart slugs
  2 leopard geckos
  9 orcs (D:3)
  6 bats
  3 giant cockroaches (D:3)
  5 goblins
  3 hobgoblins
  A jackal (D:1)
  A quokka (D:3)
  A ball python (D:2)
  2 frilled lizards
  3 kobolds
  3 rats
47 creatures vanquished.

Notes
Turn   | Place    | Note
-------+----------+-------------------------------------------
     0 | D:1      | Kloppie the Ghoul Fighter began the quest for the Orb.
     0 | D:1      | Reached XP level 1. HP: 19/19 MP: 0/0
   158 | D:1      | Reached XP level 2. HP: 26/26 MP: 1/1
   797 | D:2      | Reached skill level 4 in Fighting
   797 | D:2      | Reached XP level 3. HP: 23/33 MP: 2/2
  1149 | D:2      | Reached XP level 4. HP: 39/41 MP: 3/3
  1441 | D:3      | Found a sparkling altar of Nemelex Xobeh.
  1815 | D:3      | Noticed a centaur
  1831 | D:3      | HP: 1/41 [centaur (7)]
  1832 | D:3      | Slain by a centaur

Skill      XL: |  1  2  3  4 |
---------------+-------------+-----
Axes           | 2 3 |  3.4
Fighting       | 4 |  4.7
Armour         | |  2.6
Shields        | |  2.6

Action                   |  1- 3 |  4- 6 || total
-------------------------+-------+-------++-------
Melee: War axe           |    66 |    94 ||   160
Throw: Javelin           |       |     1 ||     1
  Use: Scroll            |       |     8 ||     8
  Eat: Chunk             |     3 |     2 ||     5
Armor: Scale mail        |    34 |    63 ||    97
Dodge: Dodged            |    40 |    57 ||    97
